 Dungeon Sprint DCSS version 0.17-a0-1741-gd5e8965 (webtiles) character file.

900000 ztt the Dwarf of Death (level 13, -27/94 HPs)
             Began as a Deep Dwarf Necromancer on Aug 31, 2015.
             Was a Follower of Makhleb.
             Annihilated by a meat berserker
             ... wielding a +9 battleaxe
              (91 damage)
             ... in the Dungeon (Sprint VIII: "Arena of Blood").
             The game lasted 00:00:13 (9 turns).

ztt the Dwarf of Death (Deep Dwarf Necromancer)        Turns: 9, Time: 00:00:14

Health: -27/94     AC:  2    Str: 12    XL:     13   Next: 71%
Magic:  3/30       EV: 24    Int: 17    God:    Makhleb [*.....]
Gold:   0          SH:  0    Dex: 17    Spells: 1 memorised, 37 levels left

rFire  . . .     SeeInvis .     k - +∞ Axe of Woe
rCold  . . .     Clarity  .     a - +0 robe
rNeg   . . .     SustAt   .     (no shield)
rPois  .         Gourm    .     (no helmet)
rElec  .         Spirit   .     (no cloak)
rCorr  .         Warding  .     (no gloves)
rMut   .         NoTele   +     (no boots)
MR     +....                    (no amulet)
Stlth  ++++++....               (no ring)
                                (no ring)

@: non-regenerating, somewhat resistant to hostile enchantments, very stealthy
A: damage resistance, recharge devices, sense surroundings 2, slow healing 3
a: Device Recharging, Renounce Religion


You were in the Dungeon.
You worshipped Makhleb.
Makhleb was aware of your devotion.
You were not hungry.

You visited 1 branch

Inventory:

Hand weapons
 k - the +∞ Axe of Woe (weapon)
   (You found it in the Dungeon)
Armour
 a - a +0 robe (worn)
Magical devices
 c - a wand of heal wounds (5)
Scrolls
 j - a scroll of blinking
Potions
 e - a potion of curing
 f - a potion of heal wounds
 g - a potion of haste
 h - 2 potions of magic
 i - a potion of berserk rage
Books
 b - a book of Necromancy

   Spells                             Type                      Level
   a - Pain                           Necromancy                   1
   b - Animate Skeleton               Necromancy                   1
   c - Vampiric Draining              Necromancy                   3
   d - Regeneration                   Charms/Necromancy            3
   e - Animate Dead                   Necromancy                   4
   f - Control Undead                 Necromancy                   4
Comestibles
 d - a bread ration


   Skills:
 + Level 7.0 Axes
 + Level 15.3 Dodging
 + Level 16.0 Stealth
 + Level 13.4 Spellcasting
 O Level 27 Necromancy


You had 37 spell levels left.
You knew the following spells:

 Your Spells              Type           Power        Failure   Level  Hunger
a - Pain                  Necr           ####         0%          1    None


Dungeon Overview and Level Annotations

Branches:
Dungeon (1/1)

Altars:
Makhleb


Innate Abilities, Weirdness & Mutations

You are resistant to damage.
You can recharge devices by infusing magical energy.
You passively map the area around you.
You do not heal naturally.


Message History

The bag of meat shouts!
You slice the meat berserker!!
You dissect the meat berserker like a pig carcass.
You kill the meat berserker!
Makhleb accepts your kill.
You can now gain health from killing.
Your Axes skill gained 7 levels and is now at level 7!
Your Dodging skill gained 6 levels and is now at level 15!
Your Stealth skill gained 7 levels and is now at level 16!
Your Spellcasting skill gained 5 levels and is now at level 13!
You have mastered Necromancy!
You have reached level 12!
Your experience leads to an increase in your attributes!
Increase (S)trength, (I)ntelligence, or (D)exterity?
You feel agile.
You feel clever.
You have reached level 13!
You hear a shout!
The bag of meat moves out of view.
The meat berserker hits you with a +9 battleaxe!!!!
Ouch! That really hurt!
You die...

, , ,#.. ,,..# ,
, , #.. ..# *, ,
.###.. ,..###., ,
, ,,
......###......,
, , , ....._.....
,, , , , *, .
,#.....#, ,, * ,,
,,... ,#_.<._# .,
,.....#.....#....
, ,
....o.)@O..O.o..
, , ,
....O..###......,
, , , o.###..
..###., ,, ,, , ,
#.. ,..# , , ,
#.. .# , , * , ,
... .. , , * * ,
...., .., , * ,
...o , , , , , ,,
, , , **,,


You could see 3 meat berserkers and 4 bags of meat.

Vanquished Creatures
  An ogre (D)
  An orc (D)
2 creatures vanquished.

Notes
Turn   | Place    | Note
--------------------------------------------------------------
     0 | D        | ztt the Deep Dwarf Necromancer began the quest for the Orb.
     0 | D        | Reached XP level 1. HP: 15/15 MP: 3/3
     3 | D        | Noticed a bag of meat
     4 | D        | Became a worshipper of Makhleb the Destroyer
     5 | D        | Noticed a bag of meat
     5 | D        | Noticed a meat berserker
     6 | D        | Noticed a bag of meat
     7 | D        | Noticed a bag of meat
     7 | D        | Noticed a meat berserker
     8 | D        | Noticed a meat berserker
     8 | D        | Killed a bag of meat
     8 | D        | Reached skill level 9 in Dodging
     8 | D        | Reached skill level 25 in Necromancy
     8 | D        | Reached XP level 2. HP: 22/22 MP: 3/11
     8 | D        | Reached XP level 3. HP: 28/28 MP: 3/12
     8 | D        | Reached XP level 4. HP: 36/36 MP: 3/14
     8 | D        | Reached XP level 5. HP: 42/42 MP: 3/15
     8 | D        | Reached XP level 6. HP: 49/49 MP: 3/17
     8 | D        | Reached XP level 7. HP: 55/55 MP: 3/18
     8 | D        | Reached XP level 8. HP: 62/62 MP: 3/20
     8 | D        | Gained mutation: You passively map the area around you. [Deep Dwarf growth]
     8 | D        | Reached XP level 9. HP: 68/68 MP: 3/21
     8 | D        | Reached XP level 10. HP: 75/75 MP: 3/22
     8 | D        | Reached XP level 11. HP: 81/81 MP: 3/23
     8 | D        | Noticed a bag of meat
     9 | D        | Noticed a bag of meat
     9 | D        | Noticed a meat berserker
     9 | D        | Killed a meat berserker
     9 | D        | Acquired Makhleb's first power
     9 | D        | Reached skill level 15 in Dodging
     9 | D        | Reached skill level 27 in Necromancy
     9 | D        | Reached XP level 12. HP: 60/88 MP: 3/29
     9 | D        | Reached XP level 13. HP: 64/94 MP: 3/30
     9 | D        | Annihilated by a meat berserker

Vault maps used:
D:        meatsprint

Action                   |  1- 3 |  4- 6 |  7- 9 | 10-12 | 13-15 || total
-------------------------+-------+-------+-------+-------+-------++-------
Melee: Executioner's axe |     1 |       |       |     1 |       ||     2
